 Dungeon Crawl Stone Soup version 0.27-a0-553-ge0ab5a2769 (webtiles) character file.

Game seed: 17165810359045829843

580 Gaff the Stinger (level 7, -5/46 HPs)
             Began as a Demonspawn Venom Mage on Mar 7, 2021.
             Was an Initiate of Gozag.
             Slain by an iguana (10 damage)
             ... on level 4 of the Dungeon on Mar 8, 2021.
             The game lasted 00:18:13 (6090 turns).

Gaff the Stinger (Demonspawn Venom Mage)            Turns: 6090, Time: 00:18:14

Health: -5/46      AC:  6    Str: 14    XL:     7   Next: 13%
Magic:  12/15      EV: 12    Int: 18    God:    Gozag
Gold:   234        SH:  0    Dex: 14    Spells: 9/16 levels left

rFire    + . .     SeeInvis .   h - +0 dagger (elec)
rCold    . . .     Faith    .   (no shield)
rNeg     . . .     Spirit   .   a - +0 robe
rPois    .         Reflect  .   (helmet restricted)
rElec    .         Harm     .   l - +1 cloak {Stlth+}
rCorr    .         Rampage  .   t - +0 pair of gloves
Will     .....                  u - +0 pair of boots
Stlth    ++........             (no amulet)
HPRegen  0.15/turn              n - +6 ring of strength
MPRegen  0.14/turn              w - ring of protection from fire

@: about to teleport
A: antennae 2, powered by death 2
a: Renounce Religion, Potion Petition, Call Merchant, Bribe Branch


You were on level 4 of the Dungeon.
You worshipped Gozag.
Gozag was aware of your devotion.
You visited 2 branches of the dungeon, and saw 5 of its levels.

You collected 285 gold pieces.
You paid 51 gold pieces to Gozag.

Inventory:

Hand Weapons
 c - a +0 whip
 e - a +0 flail
 h - a +0 dagger of electrocution (weapon)
Missiles
 y - a throwing net
Armour
 a - a +0 robe (worn)
 l - a +1 cloak of stealth (worn)
 t - a +0 pair of gloves (worn)
 u - a +0 pair of boots (worn)
Jewellery
 n - a +6 ring of strength (left hand)
 w - a ring of protection from fire (right hand)
Scrolls
 g - a scroll of teleportation
 i - 2 scrolls of immolation {unknown}
 k - a scroll of blinking {unknown}
 m - a scroll of enchant weapon
 q - 2 scrolls of enchant armour
 r - a scroll of magic mapping {unknown}
 x - a scroll of identify
Potions
 b - a potion of mutation {unknown}
 d - 3 potions of degeneration {unknown}
 f - a potion of flight
 j - a potion of might
 o - 2 potions of invisibility
 p - a potion of haste
 s - 2 potions of curing {unknown}
 v - 2 potions of magic {unknown}


   Skills:
 - Level 0.1 Short Blades
 - Level 1.7 Dodging
 - Level 1.8 Stealth
 + Level 5.3 Spellcasting
 - Level 1.0 Transmutations
 + Level 6.0 Poison Magic


You had 9 spell levels left.
You knew the following spells:

 Your Spells              Type           Power      Damage    Failure   Level
a - Sting                 Tmut/Pois      68%        1d6       3%          1
b - Poisonous Vapours     Pois/Air       30%        N/A       5%          2
c - Olgreb's Toxic Radia  Pois           26%        N/A       11%         4

Your spell library contained the following spells:

 Spells                   Type           Power      Damage    Failure   Level
 Ignite Poison            Fire/Tmut/Pois 13%        N/A       14%         3
 Mephitic Cloud           Conj/Pois/Air  12%        N/A       17%         3


Dungeon Overview and Level Annotations

Branches:
Dungeon (4/15)             Temple (1/1) D:4

Altars:
Ashenzari
Cheibriados
Dithmenos
Elyvilon
Fedhas
Gozag
Hepliaklqana
Kikubaaqudgha
Makhleb
Nemelex Xobeh
Okawaru
Qazlal
Ru
Sif Muna
Trog
Uskayaw
Vehumet
Wu Jian
Xom
Yredelemnul
Zin
The Shining One


Innate Abilities, Weirdness & Mutations

You have a pair of antennae on your head.
You regenerate health from kills.


Message History

The phantom hits you.
You hit the phantom but do no damage. Lightning courses through the phantom!
The phantom is severely damaged.
The phantom barely misses you.
You closely miss the phantom.
The phantom is severely damaged.
The phantom barely misses you.
You closely miss the phantom.
The phantom is severely damaged.
An iguana comes into view.
The phantom hits you. The phantom hits you.
The phantom blinks!
You blink.
An ogre comes into view. It is wielding a +0 giant spiked club.
The phantom barely misses you.
The iguana hisses angrily.
The ogre shouts!
The phantom barely misses you. The iguana bites you!
The worm closely misses you.
Casting: Olgreb's Toxic Radiance (quite dangerous; 11% risk of failure)
Confirm with . or Enter, or press ? or * to list all spells.
The spell is quite dangerous to cast (11% risk of failure)!
Continue anyway?
You begin to radiate toxic energy.
The iguana is poisoned.
The worm is poisoned.
The ogre is poisoned.
The iguana bites you!
* * * LOW HITPOINT WARNING * * *
The iguana looks even sicker.
The worm looks even sicker.
Your toxic aura wanes.
The ogre looks more healthy.
The iguana misses you.
Okay, then.
As you read the scroll labelled CETEVA TODA, it crumbles to dust.
You feel strangely unstable.
It was a scroll of teleportation.
The iguana misses you.
You barely miss the iguana.
The iguana is moderately wounded.
The iguana bites you!
* * * LOW HITPOINT WARNING * * *
You hit the iguana.
The iguana is heavily wounded.
The iguana bites you!
You die...
Your body crumbles into a pile of gold.

#....##..........
.....##
#.......... ...#
###......... ..
##........... .
##...#......##
###w.###......#
##W..####......##
##lO### #.........
#@### ##.........
### ##..##......
##...##......
#...##.......
#..###..##....#..#
#..........####.#
#.##......#####..
##....####...#
##..####..###


You could see a phantom, an ogre, a worm (poisoned) and an iguana (poisoned).

Vanquished Creatures
  An ogre (D:4)
  A kobold brigand (D:4)
  A scorpion (D:4)
  A hound (D:4)
  2 orc wizards (D:4)
  8 adders
  10 gnolls (D:3)
  2 oozes
  6 worms
  A dart slug (D:2)
  6 leopard geckos
  6 orcs
  4 ball pythons
  6 giant cockroaches
  9 goblins
  8 hobgoblins
  3 jackals (D:1)
  2 quokkas
  8 bats
  5 frilled lizards
  9 kobolds
  A quokka skeleton (D:4)
  10 rats
  4 bushes (D:4)
114 creatures vanquished.

Vanquished Creatures (others)
  9 plants (D:4)
9 creatures vanquished.

Grand Total: 123 creatures vanquished

Notes
Turn   | Place    | Note
-------+----------+-------------------------------------------
     0 | D:1      | Gaff the Demonspawn Venom Mage began the quest for the Orb.
     0 | D:1      | Reached XP level 1. HP: 13/13 MP: 3/3
    74 | D:1      | Reached skill level 1 in Transmutations
   333 | D:1      | Gained mutation: You regenerate a little health from kills.
                  | [demonic ancestry]
   333 | D:1      | Reached XP level 2. HP: 19/19 MP: 3/5
   679 | D:1      | Gained mutation: You have a pair of small antennae on your
                  | head. [demonic ancestry]
   679 | D:1      | Reached XP level 3. HP: 24/24 MP: 3/6
  1255 | D:1      | Learned a level 2 spell: Poisonous Vapours
  1770 | D:2      | Reached skill level 4 in Poison Magic
  1919 | D:2      | Reached XP level 4. HP: 11/30 MP: 1/8
  3109 | D:4      | Learned a level 4 spell: Olgreb's Toxic Radiance
  3111 | D:4      | Noticed an ogre
  3130 | D:3      | Gained mutation: You regenerate health from kills. [demonic
                  | ancestry]
  3130 | D:3      | Reached XP level 5. HP: 20/35 MP: 4/10
  4165 | D:3      | Reached skill level 5 in Poison Magic
  4474 | D:4      | Killed an ogre
  4475 | D:4      | Gained mutation: You have a pair of antennae on your head.
                  | [demonic ancestry]
  4475 | D:4      | Reached XP level 6. HP: 41/41 MP: 1/12
  4658 | D:4      | Found a staircase to the Ecumenical Temple.
  4674 | Temple   | Entered the Ecumenical Temple
  4965 | Temple   | Became a worshipper of Gozag Ym Sagoz the Greedy
  5301 | D:4      | Found a bloodstained altar of Trog.
  5382 | D:4      | Reached skill level 5 in Spellcasting
  5533 | D:4      | Reached XP level 7. HP: 46/46 MP: 3/14
  5550 | D:4      | Reached skill level 6 in Poison Magic
  6090 | D:4      | Slain by an iguana

Illustrated notes

Levels and vault maps discovered:
D:1:      scummos_arrival_star, layout_rooms, serial_co_window_serial,
          co_window_paths_a, co_window_of_opportunity_a, co_window_corner_a,
          co_window_of_opportunity_a, co_window_cross_1, co_window_corner_b,
          co_window_of_opportunity_b, co_window_broadway_c, co_window_cross_3,
          co_window_of_opportunity_b, co_window_corner_ca, glass_columns_a,
          glass_columns_b, glass_columns_b, glass_columns_a, glass_columns_a,
          minmay_misc_feat_five
D:2:      layout_loops_ring
D:3:      layout_loops_corners, minmay_misc_feat_x
D:4:      layout_layer_cave, lemuel_coloured_pillars_altar,
          minmay_temple_entry_large_hall, lexackson_kobold_supper
Temple:   compressed_dpeg_triangle_lava_temple

Skill      XL: |  1  2  3  4  5  6  7 |
---------------+----------------------+-----
Transmutations | 1 |  1.0
Poison Magic   | 4 5 6 |  6.0
Spellcasting   | 3 4 5 |  5.3
Short Blades   | |  0.1
Dodging        | |  1.7
Stealth        | |  1.8

Action                   |  1- 3 |  4- 6 |  7- 9 || total
-------------------------+-------+-------+-------++-------
Melee: Whip              |     6 |       |       ||     6
       Dagger            |    38 |    50 |   102 ||   190
 Cast: Sting             |    47 |    31 |     2 ||    80
       Poisonous Vapours |     9 |    47 |     4 ||    60
       Olgreb's Toxic Ra |       |     3 |     2 ||     5
  Use: Scroll            |       |     6 |     1 ||     7
 Stab: Sleeping          |       |     5 |       ||     5
Armor: Robe              |    14 |    25 |     3 ||    42
Dodge: Dodged            |    48 |    28 |    12 ||    88

Table legend: (Time is in decaauts)
 A = Elapsed time spent in this place.
 B = Non-inter-level travel time spent in this place.
 C = Inter-level travel time spent in this place.
 D = Time resting spent in this place.
 E = Time spent auto-exploring this place.
 F = Levels seen in this place.
 G = Mean time per level.
                   A        B        C        D        E       F      G
               +--------+--------+--------+--------+--------+-----+--------+
         Total |   6089 |   5989 |    100 |   1523 |   3083 |   5 | 1217.8 |
       Dungeon |   5791 |   5697 |     94 |   1523 |   2805 |   4 | 1447.8 |
        Temple |    298 |    292 |      6 |      0 |    278 |   1 |  298.0 |
               +--------+--------+--------+--------+--------+-----+--------+

Top non-repeatable levels by time:
     D:3: 1668 daAuts
     D:2: 1427 daAuts
     D:4: 1419 daAuts
     D:1: 1275 daAuts
  Temple: 298 daAuts
